[Event "*** MasterClass Titled Tuesday Blitz"]
[Site "Chess.com"]
[Date "2017.10.03"]
[Round "2"]
[White "Makalexa"]
[Black "AndrewMcStone"]
[Result "0-1"]
[WhiteElo "2145"]
[BlackElo "2064"]
[TimeControl "180+2"]
[EndTime "13:24:40 PDT"]
[Termination "AndrewMcStone won by resignation"]

1. e4 Nc6 2. Nf3 d6 3. d4 Nf6 4. Nc3 g6 5. h3 Bg7 6. Be3 O-O 7.
Qd2 e5 8. d5 Ne7 9. O-O-O a6 10. g4 b5 11. g5 Nh5 12. Be2 b4 13. Na4 a5 14. b3 Bd7 15. Nb2 Nf4 16. Bxf4 exf4 17.
Nd4 Qb8 18. h4 a4 19. Nc4 axb3 20. axb3 Qa7 21. Qxb4 Qa1+ 22. Kd2 Qxd4+ 23. Ke1 Qxe4 24.
f3 Qxc2 25. Kf2 Ra2 26. Rd2 Bd4+ 27. Kg2 Qf5 28. Rxa2 f6 29. Nxd6 cxd6 30. Qxd4 fxg5 31. hxg5 Qxg5+ 32. Kf1 Nf5 33. Rg1 Ng3+ 34. Ke1 Re8 35. Kd1 Qe7 36. Re1 Bb5 37. Qf2 Bxe2+ 38. Rexe2 Nxe2 39.
Rxe2 Qxe2+ 40. Qxe2 Rxe2 41. Kxe2 Kf7 42. Kd3 Ke7 43.
Ke4 g5 44. Kf5 h6 45. b4 Kd7 46. b5 Kc7 47. Ke6 g4 48. b6+ Kxb6 49. Kxd6 gxf3 50. Kd7 f2 51. d6 f1=Q 52. Kc8 Qc4+ 53. Kd8 Qd5 0-1

[Event "*** MasterClass Titled Tuesday Blitz"]
[Site "Chess.com"]
[Date "2017.10.03"]
[Round "2"]
[White "IMVoja"]
[Black "NateSolon"]
[Result "1-0"]
[WhiteElo "2410"]
[BlackElo "2313"]
[TimeControl "180+2"]
[EndTime "13:24:48 PDT"]
[Termination "IMVoja won by resignation"]

1. e4 e5 2. Nf3 Nc6 3. Nc3 Nf6 4. d4 exd4 5. Nxd4 Bb4 6. Nxc6 bxc6 7. Bd3 O-O 8. O-O d5 9. exd5 cxd5 10. Bg5 c6 11. Qf3 Bd6 12. h3 Rb8 13. Rab1 Re8 14. b3 Be5 15.
Na4 h6 16. Bf4 Qc7 17. Bxe5 Qxe5 18. Rbd1 Rb4 19. c4 d4 20. Qg3 Qxg3 21. fxg3 Nd7 22.
Bf5 Rxa4 23. bxa4 c5 24. Rfe1 Kf8 25. Rxe8+ Kxe8 26. Re1+ Kd8 27. a5 f6 28. Bxd7 Kxd7 29.
Kf2 Ba6 30. Rc1 Kd6 31. Ke2 Ke5 32. Kd3 Bb7 33. Re1+ Kd6 34. Re2 f5 35. Rf2 Ke5 36. Re2+ Be4+ 37. Kd2 d3 38. Re1 Kd4 39. g4 f4 40. h4 Bxg2 41. Re7 f3 42. Ke1 Kc3 43. Rd7 g5 44. hxg5 hxg5 45. Kf2 Kc2 46. Ke3 f2 47. Kxf2 d2 48. Kxg2 d1=Q 49. Rxd1 Kxd1 50.
Kf3 Kd2 51. Ke4 Kc3 52. Kd5 Kb4 53. a6 Ka5 54. Kxc5 Kxa6 55. Kd6 Kb7 56. c5 1-0

[Event "*** MasterClass Titled Tuesday Blitz"]
[Site "Chess.com"]
[Date "2017.10.03"]
[Round "2"]
[White "joppie2"]
[Black "Alexander_Moskalenko"]
[Result "0-1"]
[WhiteElo "2566"]
[BlackElo "2633"]
[TimeControl "180+2"]
[EndTime "13:24:53 PDT"]
[Termination "Alexander_Moskalenko won by resignation"]

1. d4 d6 2. e4 Nf6 3. Nc3 e5 4.
Nf3 Nbd7 5. Bc4 Be7 6. a4 O-O 7. O-O a6 8. a5 exd4 9. Nxd4 Ne5 10.
Ba2 Re8 11. f4 Nc6 12. h3 Bf8 13. Nxc6 bxc6 14. e5 dxe5 15. Qxd8 Rxd8 16. fxe5 Nd5 17. Bg5 Rd7 18. Rad1 Bb7 19. Ne4 h6 20. Bh4 Re8 21.
c4 Rxe5 22. Rfe1 Bb4 23. Re2 Bxa5 24. cxd5 cxd5 25. Nc3 Bxc3 26. Rc2 Ba5 27. Bg3 Bb6+ 28. Kh2 Re4 29. Rcd2 Rb4 30. Bb1 d4 31. Re1 Rd8 32. Bh4 g5 33. Bg3 d3 34. Re7 Rbd4 35. Bxc7 Bxc7+ 36. Rxc7 Be4 37. Ba2 Bg6 38. Ra7 R8d6 39. Kg1 Kg7 40.
Rc7 Re4 41. Kf2 Rf6+ 42. Kg3 Re3+ 43. Kh2 Re2 44. Rd1 Rxb2 45. Bd5 d2 46. Bf3 Rd6 47. Rf1 Bd3 48. Ra1 Bc2 49. Rf1 Bg6 50. Bd1 a5 51.
Ra7 Rb5 52. Ba4 Rf5 53. Rd1 Rf2 54. Rxa5 Be4 55. Rg1 d1=Q 0-1

[Event "*** MasterClass Titled Tuesday Blitz"]
[Site "Chess.com"]
[Date "2017.10.03"]
[Round "2"]
[White "VladimirBelous"]
[Black "oskariot"]
[Result "1/2-1/2"]
[WhiteElo "2633"]
[BlackElo "2498"]
[TimeControl "180+2"]
[EndTime "13:24:57 PDT"]
[Termination "Game drawn by agreement"]

1. c4 Nf6 2. Nc3 e5 3. g3 Bb4 4. Bg2 O-O 5. Qc2 Re8 6. Nf3 Bxc3 7. Qxc3 Nc6 8. O-O d6 9. d3 h6 10. e3 Bf5 11. a3 Qd7 12. b4 Bh3 13. b5 Ne7 14. a4 g5 15. d4 e4 16. d5 exf3 17. Qxf6 Ng6 18. Qxf3 Ne5 19. Qf6 Qf5 20. Qxf5 Bxf5 21.
e4 Bh7 22. Ra3 Nxc4 23. Rc3 Nb6 24. a5 Na4 25. Rxc7 Bxe4 26. Bxe4 Rxe4 27. Be3 b6 28. Ra1 Rb4 29. Rd7 bxa5 30. Rxa7 Rxa7 31. Bxa7 Nc3 32. b6 Nxd5 33. Rxa5 Nxb6 34. Bb8 Nc4 35. Ra8 Kg7 36. Ba7 Ne5 37. Rc8 g4 38. Kg2 h5 39. h3 Rb1 40. Bd4 Kg6 41. hxg4 hxg4 42. Bxe5 dxe5 43. Rg8+ Kf5 44. Rc8 f6 45. Rc4 Rb2 46.
Ra4 Kg5 47. Rc4 f5 48. Rc5 Kf6 49. Rc6+ Ke7 50. Rg6 Kf7 51. Ra6 Rb5 52. Rc6 Rd5 53. Rb6 Ke7 54. Rg6 Rd6 55. Rg7+ Kf6 56. Rb7 f4 57.
gxf4 exf4 58. Rb5 Re6 59. Rb4 Kf5 60. Rb5+ Re5 61. Rb8 Re2 62. Rf8+ Kg5 63. Rg8+ Kh5 64. Rh8+ Kg5 65. Rg8+ 1/2-1/2

[Event "*** MasterClass Titled Tuesday Blitz"]
[Site "Chess.com"]
[Date "2017.10.03"]
[Round "2"]
[White "JSPrepz"]
[Black "Keranke"]
[Result "0-1"]
[WhiteElo "2531"]
[BlackElo "2721"]
[TimeControl "180+2"]
[EndTime "13:25:07 PDT"]
[Termination "Keranke won by resignation"]

1. Nf3 g6 2. c4 Bg7 3. g3 Nf6 4.
Bg2 O-O 5. d4 d6 6. O-O c6 7.
Nc3 Qa5 8. e4 e5 9. d5 cxd5 10.
cxd5 Na6 11. h3 Bd7 12. g4 Rfc8 13. Bd2 Nc5 14. Qe2 Qb6 15. Rab1 a5 16. Rfd1 a4 17. Ne1 h5 18. g5 Ne8 19. Nc2 Nc7 20. Ne3 Nb5 21.
Nc4 Qa6 22. Bf1 Nd4 23. Qe3 b5 24. Na3 Qb6 25. Rbc1 Qb7 26. Ne2 Re8 27. Nc2 Rac8 28. Nb4 Rf8 29. Bc3 Nxe2+ 30. Bxe2 f5 31. gxf6 Rxf6 32.
Nc6 Rcf8 33. Be1 Kh7 34. Rxc5 dxc5 35. Nxe5 Qc7 36. Nxd7 Qxd7 37. e5 Rf4 38. e6 Qe7 39. d6 Qg5+ 40. Qg3 Qe5 41. e7 Qxe2 42. exf8=Q Rxf8 43. Rc1 Bxb2 44. Rb1 Be5 45. Qe3 Qxe3 46. fxe3 b4 47. d7 Bf6 48. Rc1 Be7 49. e4 Kg7 50. Bf2 Rd8 51. Bxc5 Bxc5+ 52. Rxc5 Rxd7 53. Ra5 a3 54. Rb5 Rd4 55. Kf2 Rxe4 56. Kf3 Rc4 57. Rb6 Kh6 58. Kg3 h4+ 59. Kf3 Kh5 60. Rb8 Rc3+ 61.
Kf4 g5+ 62. Ke4 Rxh3 63. Rxb4 Rh2 64. Rb8 Kg4 65. Ra8 Rxa2 66. Ra4 h3 67. Ke3+ Kg3 68. Ra5 g4 69. Ra4 h2 70. Rb4 h1=Q 71. Rxg4+ Kxg4 0-1

[Event "*** MasterClass Titled Tuesday Blitz"]
[Site "Chess.com"]
[Date "2017.10.03"]
[Round "2"]
[White "EuropeanChampion"]
[Black "PowerThinking2650"]
[Result "0-1"]
[WhiteElo "2181"]
[BlackElo "2142"]
[TimeControl "180+2"]
[EndTime "13:25:07 PDT"]
[Termination "PowerThinking2650 won by checkmate"]

1. e4 e5 2. Nf3 Nc6 3. Bc4 Nf6 4. d4 exd4 5. e5 d5 6. Bb5 Ne4 7. Nxd4 Bd7 8. Bxc6 bxc6 9. O-O Bc5 10. Be3 Bb6 11. Nd2 Nxd2 12. Qxd2 O-O 13. Nb3 f6 14. f4 fxe5 15.
fxe5 Qg5 16. Bxb6 Qxd2 17. Nxd2 axb6 18. a3 Bf5 19. c3 Bd3 20. Rf3 Rxf3 21. Nxf3 c5 22.
Rd1 Be4 23. Ng5 Re8 24. Nxe4 dxe4 25. Rd7 Rxe5 26. Rxc7 e3 27. Kf1 Rf5+ 28. Ke2 Rf2+ 29. Kxe3 Rxb2 30. Rc6 Rxg2 31. Rxb6 Rxh2 32. Rb5 Ra2 33.
Ra5 h6 34. Kf4 Kh7 35. Kf5 Rg2 36. Kf4 g5+ 37. Kf3 Ra2 38. Kg4 Rg2+ 39. Kf5 Rf2+ 40. Kg4 Rf4+ 41. Kg3 Rc4 42. Ra6 Kg7 43. a4 h5 44. a5 Rxc3+ 45. Kg2 g4 46. Re6 h4 47. a6 Rc2+ 48. Kf1 h3 49. Re4 h2 50. Rxg4+ Kf6 51. Rh4 Ke5 52. a7 Ra2 53. Rh5+ Kd4 54. Rxh2 Rxa7 55.
Rh4+ Kc3 56. Ke2 Ra2+ 57. Ke3 c4 58. Rh8 Kc2 59. Rb8 c3 60. Rb4 Ra6 61. Rb5 Rd6 62. Rc5 Kb2 63. Rb5+ Kc1 64. Ke2 c2 65. Rb8 Rd5 66.
Rb3 Re5+ 67. Kd3 Kd1 68. Kd4 Re8 69. Rh3 c1=Q 70. Rh1+ Kc2 71. Rxc1+ Kxc1 72. Kd5 Rh8 73. Kd6 Rh6+ 74. Kd7 Rh5 75. Kd8 Rh4 76. Ke7 Kd2 77.
Kf6 Ke3 78. Kf5 Rf4+ 79. Ke5 Rd4 80. Kf5 Re4 81. Kg5 Kd4 82. Kf5 Kd5 83. Kg5 Ke5 84. Kg6 Ke6 85. Kg7 Rg4+ 86. Kh6 Kf6 87. Kh5 Re4 88. Kh6 Rh4# 0-1

[Event "*** MasterClass Titled Tuesday Blitz"]
[Site "Chess.com"]
[Date "2017.10.03"]
[Round "2"]
[White "Konavets"]
[Black "Margency"]
[Result "0-1"]
[WhiteElo "2785"]
[BlackElo "2536"]
[TimeControl "180+2"]
[EndTime "13:25:08 PDT"]
[Termination "Margency won by resignation"]

1. g3 Nf6 2. Bg2 g6 3. b3 Bg7 4. Bb2 d5 5. Nf3 O-O 6. O-O c5 7.
e3 Nc6 8. d4 Ne4 9. Nbd2 Bg4 10. h3 Nxd2 11. Qxd2 Bxf3 12. Bxf3 cxd4 13. exd4 e6 14.
h4 Qb6 15. Rad1 h5 16. Rfe1 Rac8 17. a3 Rfd8 18. Kg2 Ne7 19. Re2 Nf5 20. Kg1 Rd7 21. b4 Nd6 22. c3 Nc4 23. Qc2 Rdc7 24. Bc1 Nd6 25. Bb2 Nb5 26. Re3 Nxd4 27. Qd2 Nf5 28. Rd3 Nxg3 29. Bxd5 Nf5 30. Be4 Nxh4 31. Rd8+ Kh7 32. Rxc8 Rxc8 33. Qg5 Nf5 34. Kg2 Qc7 35.
Rd3 Qe5 36. Bxf5 exf5 37. Rd7 Qe4+ 38. Kh2 Kg8 39. Bc1 Be5+ 40. Kg1 b5 41. Qe7 Rf8 42. Bh6 Bg7 43. Bxg7 Kxg7 44. Qxe4 fxe4 45. Rxa7 Rc8 46.
Re7 Rxc3 47. Rxe4 Rxa3 48. Re5 Rb3 49. Rxb5 f5 50. Kg2 Kf6 51. Rb6+ Kg5 52. Kh2 f4 53. Kg2 Kf5 54. Rb8 g5 55. b5 Kg4 56.
b6 h4 57. Rf8 h3+ 58. Kh2 Rxb6 59. Rc8 Rb2 60. Kg1 h2+ 61. Kg2 Rxf2+ 62. Kh1 Ra2 63. Rc5 Ra1+ 64. Kxh2 Ra2+ 65. Kg1 f3 66. Kf1 Kf4 67. Rc1 g4 68. Kg1 Kg3 69. Rf1 Rg2+ 70. Kh1 Rh2+ 71. Kg1 f2+ 0-1

[Event "*** MasterClass Titled Tuesday Blitz"]
[Site "Chess.com"]
[Date "2017.10.03"]
[Round "2"]
[White "nubair1198"]
[Black "amaidel"]
[Result "0-1"]
[WhiteElo "2428"]
[BlackElo "2453"]
[TimeControl "180+2"]
[EndTime "13:25:09 PDT"]
[Termination "amaidel won by resignation"]

1. d4 d5 2. c4 c6 3. Nf3 Nf6 4. Nc3 dxc4 5. a4 Bg4 6. Ne5 Nbd7 7. Nxg4 Nxg4 8. e3 Ngf6 9. Bxc4 e6 10. O-O Bb4 11.
Qe2 O-O 12. Rd1 Qc7 13. e4 e5 14. Be3 Bxc3 15. bxc3 Nxe4 16. Rd3 Nd6 17. Bb3 Rae8 18. d5 e4 19. Rdd1 c5 20. Bf4 f5 21. a5 Ne5 22.
Ra2 h6 23. Bxe5 Rxe5 24. f4 Re7 25. Qe3 Kh7 26. a6 b5 27. g4 fxg4 28. Rg2 h5 29. Bc2 g6 30. Rf1 Nf5 31. Qe1 Qb6 32. h3 c4+ 33. Kh2 Ne3 34. hxg4 Nxf1+ 35. Qxf1 Qf6 36.
gxh5 gxh5 37. Kg1 Qxf4 38. Qe2 Qc1+ 39. Kh2 Qf4+ 40. Kg1 Re5 41. d6 Kh6 42. d7 Rg5 43. Bxe4 Qc1+ 44. Kh2 Qf4+ 45. Kg1 Rd8 46. Bc6 Qf6 47. Qe8 Qxc6 48. Rxg5 Qb6+ 49. Kh1 Kxg5 50. Qe5+ Kg6 51. Qe4+ Kf6 52. Qf4+ Ke6 53. Qe4+ Kxd7 54. Qd5+ Kc7 55. Qe5+ Qd6 56. Qxb5 Qc6+ 57. Qxc6+ Kxc6 58. Kh2 Kb6 59. Kh3 Kxa6 60. Kh4 Kb5 61. Kxh5 a5 62.
Kg6 a4 63. Kf5 a3 64. Ke4 0-1

[Event "*** MasterClass Titled Tuesday Blitz"]
[Site "Chess.com"]
[Date "2017.10.03"]
[Round "2"]
[White "chito89"]
[Black "Kacparov"]
[Result "1/2-1/2"]
[WhiteElo "2576"]
[BlackElo "2594"]
[TimeControl "180+2"]
[EndTime "13:25:10 PDT"]
[Termination "Game drawn by repetition"]

1. e4 c5 2. Nf3 e6 3. g3 d5 4.
exd5 exd5 5. Bg2 Nc6 6. O-O Nf6 7. d4 c4 8. Re1+ Be7 9. b3 cxb3 10. axb3 O-O 11. h3 h6 12. c4 Be6 13. Ne5 Bb4 14. Bd2 Bxd2 15. Nxc6 bxc6 16. Nxd2 dxc4 17. Nxc4 Bd5 18.
Ne5 Qb6 19. Bxd5 cxd5 20. Qd3 a5 21. Rec1 Rfc8 22. Kg2 Rab8 23. Qf5 Rxc1 24. Rxc1 Qb7 25. Rc5 Re8 26. Qc2 Qb6 27. Qd3 Rb8 28. Qc2 Re8 29.
Kh2 h5 30. Qd3 Ra8 31. Rc6 Qb7 32.
Qc2 Qb4 33. Rc8+ Rxc8 34. Qxc8+ Kh7 35. Qf5+ Kg8 36. Qc8+ Kh7 37. Nxf7 Qxd4 38. Qf5+ Kg8 39. Ng5 Qb4 40. Qe6+ Kh8 41. Qc8+ Ng8 42. Nf7+ Kh7 43. Ng5+ Kh8 44. h4 Qxb3 45. Qe8 Qd1 46. Nf7+ Kh7 47.
Qe6 Qg4 48. Ng5+ Kh8 49. Nf7+ Kh7 50. Qxd5 Nf6 51. Ng5+ Kg6 52. Qf7+ Kh6 53. Qa7 Qf5 54. Nf7+ Kh7 55. Ng5+ Kh6 56. Qe3 Kg6 57. Kg1 a4 58. Qa3 Qb1+ 59. Kg2 Qb7+ 60. f3 Qb3 61. Qe7 Qc2+ 62.
Kh3 Qf5+ 63. Kg2 Qc2+ 64. Kh3 Qf5+ 65. Kg2 Qc2+ 66. Kh3 Qf5+ 1/2-1/2

[Event "*** MasterClass Titled Tuesday Blitz"]
[Site "Chess.com"]
[Date "2017.10.03"]
[Round "2"]
[White "yosephtaher"]
[Black "Fandorine"]
[Result "1-0"]
[WhiteElo "2571"]
[BlackElo "2640"]
[TimeControl "180+2"]
[EndTime "13:25:12 PDT"]
[Termination "yosephtaher won by checkmate"]

1. d4 Nf6 2. c4 e6 3. Nf3 c5 4.
d5 exd5 5. cxd5 g6 6. Nc3 d6 7.
e4 Bg7 8. Be2 O-O 9. O-O Bg4 10.
h3 Bxf3 11. Bxf3 Nbd7 12. a4 a6 13. Be2 Rb8 14. a5 Ne8 15. Qc2 Nc7 16. Re1 Qe7 17. Bd2 b5 18. axb6 Rxb6 19. Na4 Rb7 20. Bc3 Rfb8 21.
Bxg7 Kxg7 22. Ra2 Nb5 23. Nc3 Nd4 24. Qd2 a5 25. Bf1 Ne5 26. Kh1 Qh4 27. Rb1 Ng4 28. Nd1 Nf6 29. f3 Nh5 30. Ne3 Ng3+ 31. Kh2 Qf4 32.
Nf5+ Ndxf5 33. Qxf4 Nh5 34. Qd2 Nd4 35. Bc4 Rb4 36. Bf1 Nf6 37. Qc3 a4 38. Bc4 Nd7 39.
Bf1 g5 40. Rd1 Ne5 41. Qc1 h6 42. Qa1 Nb3 43. Qb1 Nd4 44. Qc1 Nb3 45. Qe3 Nd4 46.
Qf2 Ng6 47. Rda1 h5 48. Rd1 h4 49. Rc1 Ne5 50. f4 gxf4 51. Qxf4 f6 52. Qf2 Rb3 53. Rc3 R3b4 54. Qxh4 Nf7 55. Rg3+ Ng5 56. Rxg5+ fxg5 57. Qxg5+ Kf7 58. b3 axb3 59. Rf2+ Ke8 60. Qg8+ Kd7 61. Rf7# 1-0

[Event "*** MasterClass Titled Tuesday Blitz"]
[Site "Chess.com"]
[Date "2017.10.03"]
[Round "2"]
[White "Gordima"]
[Black "Sethu0025"]
[Result "1/2-1/2"]
[WhiteElo "2561"]
[BlackElo "2640"]
[TimeControl "180+2"]
[EndTime "13:25:13 PDT"]
[Termination "Game drawn - insufficient material"]

1. Nf3 d5 2. g3 Nf6 3. Bg2 e6 4. O-O c5 5. c4 d4 6. e3 Nc6 7. exd4 cxd4 8. d3 Bd6 9. Bg5 h6 10. Bxf6 Qxf6 11. Nbd2 Qd8 12. a3 a5 13. Ne1 O-O 14.
Nc2 e5 15. Rb1 Be6 16. b4 axb4 17. axb4 Qc7 18. c5 Be7 19. Nc4 Ra2 20. b5 Nd8 21. c6 Bxc4 22. dxc4 bxc6 23. b6 Qd7 24. Ra1 Rxa1 25. Qxa1 Bc5 26. Rb1 d3 27. Ne3 Bd4 28.
Qa4 Qb7 29. Nf5 Bc5 30. Qd1 Qd7 31. Bh3 Ne6 32. Qg4 h5 33. Qxh5 Rb8 34. Qg4 g6 35. Nh4 Kg7 36. Nxg6 fxg6 37. Qxe6 Qxe6 38. Bxe6 d2 39. Bg4 Rxb6 40. Rxb6 Bxb6 41. Bd1 Kf6 42.
Kf1 e4 43. Ke2 Ke5 44. Bc2 Bd4 45. h4 Bc5 46. Bb1 Kd4 47. Bc2 Ke5 48. Bb1 Bb4 49. Bc2 Bc5 50. Ba4 Bd4 51. Bxc6 Bxf2 52. Kxd2 Bxg3 53. Be8 Bxh4 54. Bxg6 Kd4 55. Bxe4 Kxe4 56. c5 Kd5 57. c6 Kxc6 1/2-1/2

[Event "*** MasterClass Titled Tuesday Blitz"]
[Site "Chess.com"]
[Date "2017.10.03"]
[Round "2"]
[White "Muisback26"]
[Black "wonderfultime"]
[Result "1-0"]
[WhiteElo "2636"]
[BlackElo "2567"]
[TimeControl "180+2"]
[EndTime "13:25:15 PDT"]
[Termination "Muisback26 won by resignation"]

1. e4 e6 2. d4 d5 3. Nd2 c5 4. exd5 Qxd5 5. Ngf3 cxd4 6. Bc4 Qd7 7. O-O Nf6 8. Nb3 Nc6 9. Nbxd4 Nxd4 10. Nxd4 a6 11.
Re1 Qc7 12. Bd3 Be7 13. Bg5 O-O 14. Qf3 Qc5 15. Be3 Qd5 16. Qe2 b5 17. c4 bxc4 18.
Bxc4 Qb7 19. Bf4 Bd7 20. Be5 Rfc8 21. b3 Rc5 22. Rad1 Bb5 23. Nxb5 axb5 24. Bd3 Rd8 25. h3 b4 26. Bc4 h6 27. Rxd8+ Bxd8 28. Bd4 Rg5 29.
g3 Bb6 30. h4 Rg4 31. Bxb6 Qxb6 32. Rd1 Rxg3+ 33. Kf1 Rh3 34. Kg2 Rxh4 35. Qf3 Rg4+ 36. Kf1 Rg5 37. Qa8+ Kh7 38. Rd8 Ne4 39. Qxe4+ Rf5 40.
Rd2 g6 41. Kg2 h5 42. Kg1 Rg5+ 43. Kf1 Rf5 44. Bd3 Rd5 45. Qf3 Kg7 46. Rd1 Rc5 47. Be4 Qc7 48. Kg2 Rg5+ 49. Kf1 Qh2 50. Rd7 Rg1+ 51.
Ke2 Kh6 52. Qxf7 Rg4 53. Qf8+ Kg5 54. Qe7+ Kh6 55. Qg7+ Kg5 56. Qxg6+ Kh4 57. Qf6+ Kh3 58. Rd3+ 1-0

[Event "*** MasterClass Titled Tuesday Blitz"]
[Site "Chess.com"]
[Date "2017.10.03"]
[Round "2"]
[White "GrigorGrigorov"]
[Black "maciek_92"]
[Result "1-0"]
[WhiteElo "2713"]
[BlackElo "2532"]
[TimeControl "180+2"]
[EndTime "13:25:19 PDT"]
[Termination "GrigorGrigorov won by resignation"]

1. d4 Nf6 2. c4 e6 3. Nf3 b6 4. g3 Bb7 5. Bg2 Be7 6. O-O O-O 7. Nc3 Ne4 8. Bd2 d5 9. cxd5 exd5 10. Rc1 Nxc3 11.
Bxc3 a5 12. Ne5 Nd7 13. Nd3 Bd6 14. Bd2 Nf6 15. Bf4 Re8 16. Bxd6 Qxd6 17. e3 h6 18. Qc2 Re7 19. Nf4 a4 20. Rfd1 Ra5 21. Rd3 g5 22. Ne2 c6 23. Ra3 b5 24. Rc3 Ra8 25. Qd1 Rae8 26. a3 Kg7 27. R1c2 h5 28.
Nc1 h4 29. Nd3 Rh8 30. Ne5 Rxe5 31. dxe5 Qxe5 32. Qd4 Qf5 33. f3 hxg3 34. hxg3 Rh6 35.
g4 Qe6 36. Rc1 Qd6 37. Kf2 Kg6 38. Qd3+ Kg7 39. Qf5 Rg6 40. Qd3 Rh6 41. R3c2 Qe5 42. Qf5 Qxf5 43. gxf5 Rh8 44. e4 dxe4 45. fxe4 Ng4+ 46.
Kg3 Ne5 47. Rd1 Nc4 48. Rd7 Ba8 49. Bf1 Ne5 50. Rc7 Rd8 51. Be2 Kf6 52. Kf2 g4 53. Ke3 Kg5 54. Re7 f6 55. Rg7+ Kh4 56. Rc1 Kg3 57.
Rg1+ Kh2 58. Kf2 Rh8 59. Rg2+ Kh3 60. Bxg4+ Nxg4+ 61. R7xg4 1-0

[Event "*** MasterClass Titled Tuesday Blitz"]
[Site "Chess.com"]
[Date "2017.10.03"]
[Round "2"]
[White "igorkovalenko"]
[Black "Krasimir_Rusev"]
[Result "0-1"]
[WhiteElo "2726"]
[BlackElo "2537"]
[TimeControl "180+2"]
[EndTime "13:25:24 PDT"]
[Termination "Krasimir_Rusev won by checkmate"]

1. e4 d6 2. d4 Nf6 3. Nc3 e5 4. Nf3 exd4 5. Nxd4 Be7 6. Be2 O-O 7. O-O Re8 8. Re1 Bf8 9. Bf3 Nbd7 10. a4 a5 11. b3 c6 12. Bb2 Nc5 13. h3 Bd7 14.
Qd2 Qb6 15. Rad1 Rad8 16. Ba1 Bc8 17. Kh2 g6 18. g3 h5 19. Bg2 Bg7 20. f4 Rd7 21. Bf3 Rde7 22. Qg2 Qc7 23. Kh1 Bh6 24. Ndb5 cxb5 25. Nxb5 Qb8 26. Bxf6 Rd7 27. Bd4 Bg7 28. Bxg7 Kxg7 29. Re2 b6 30. Nc3 Ba6 31. Red2 Bb7 32. Rd4 Bc6 33. e5 dxe5 34. Rxd7 Bxd7 35. Ne4 Nxe4 36.
Bxe4 Be6 37. f5 Bxf5 38. Bxf5 gxf5 39. Qf3 Kg6 40. g4 hxg4 41. hxg4 Qc8 42. Rd6+ Kg5 43. c4 f4 44. Rd2 Rh8+ 45. Kg1 Rh4 46. Qd5 Rxg4+ 47. Kf1 Qf5 48. Qd8+ Qf6 49. Qg8+ Kf5 50. Qc8+ Qe6 51. Qc7 Qg6 52. Qc8+ Kg5 53. Qd8+ Qf6 54.
Qg8+ Qg6 55. Qd8+ Kf5 56. Qc8+ Qe6 57. Qc7 Rg6 58. Rd7 Rf6 59. Rd5 f3 60. Qb7 Kf4 61. c5 Rh6 62. Rd6 Qh3+ 63. Ke1 Qg3+ 64. Kd2 Rh2+ 65.
Kd3 f2+ 66. Kc4 f1=Q+ 67. Kd5 Qgg2# 0-1

[Event "*** MasterClass Titled Tuesday Blitz"]
[Site "Chess.com"]
[Date "2017.10.03"]
[Round "2"]
[White "vanea_03"]
[Black "SCIM"]
[Result "1/2-1/2"]
[WhiteElo "2459"]
[BlackElo "2419"]
[TimeControl "180+2"]
[EndTime "13:25:25 PDT"]
[Termination "Game drawn - insufficient material"]

1. d4 Nf6 2. c4 g6 3. Nc3 d5 4. cxd5 Nxd5 5. e4 Nxc3 6. bxc3 Bg7 7. Nf3 c5 8. Be3 O-O 9. Be2 Qa5 10. O-O Qxc3 11. Rc1 Qa3 12. Rxc5 Qxa2 13. d5 Bg4 14. Rc7 Nd7 15. Rxb7 Rfb8 16. Rc7 Rc8 17. Rxc8+ Rxc8 18. h3 Bxf3 19. Bxf3 a5 20. Bg4 Rc7 21. d6 exd6 22.
Qxd6 Be5 23. Qe7 Bf6 24. Qe8+ Nf8 25. Bh6 Qa3 26. e5 Bg7 27. Bg5 h6 28. Bd8 Rc1 29. Be2 Rxf1+ 30. Bxf1 Qc5 31. Qa4 Qxe5 32. Qxa5 Qxa5 33.
Bxa5 Ne6 34. Bd2 h5 35. Bc4 Nd4 36. Kf1 Bf6 37. Bd5 Kg7 38. Be3 Nc2 39. Bc5 Nd4 40.
Ke1 Nc2+ 41. Kd2 Nd4 42. g4 hxg4 43. hxg4 Nb5 44. Kd3 Nc7 45. Bc4 Ne8 46. Ke4 Nc7 47. Bb6 Ne6 48. f4 g5 49. f5 Nf4 50. Be3 Ng2 51. Bd2 Nh4 52. Bd3 Bb2 53. Bxg5 Bf6 54. Bf4 Ng2 55. Bd2 Be7 56. Bf1 Nh4 57. g5 f6 58. g6 Nxg6 59. fxg6 Kxg6 60. Bh3 Bd6 61. Bf5+ Kg7 62. Kd5 Be5 63. Ke6 Bd4 64. Bf4 Be5 65.
Bxe5 fxe5 66. Kxe5 1/2-1/2

[Event "*** MasterClass Titled Tuesday Blitz"]
[Site "Chess.com"]
[Date "2017.10.03"]
[Round "2"]
[White "1stSecond"]
[Black "Gabrielian_Artur"]
[Result "1-0"]
[WhiteElo "2620"]
[BlackElo "2562"]
[TimeControl "180+2"]
[EndTime "13:25:52 PDT"]
[Termination "1stSecond won on time"]

1. d4 Nf6 2. c4 c5 3. d5 e6 4. Nc3 exd5 5. cxd5 d6 6. Nf3 g6 7. Nd2 Nbd7 8. e4 Bg7 9. Be2 O-O 10.
O-O Re8 11. h3 g5 12. Nc4 Nxe4 13. Nxe4 Rxe4 14. Nxd6 Rd4 15. Qc2 Rxd5 16. Nf5 Ne5 17. Nxg7 Kxg7 18. b3 Nc6 19. Bb2+ Nd4 20. Bf3 Re5 21.
Bxd4 cxd4 22. Rad1 Bf5 23. Qb2 Qf6 24. Qxd4 Re7 25.
Qxf6+ Kxf6 26. Rd6+ Kg7 27. Rc1 Rae8 28. Rc5 Re5 29.
Rdd5 Rxd5 30. Rxd5 Kf6 31. Ra5 Re1+ 32. Kh2 Rf1 33.
Kg3 Bg6 34. Rxa7 h5 35. h4 gxh4+ 36. Kxh4 Rxf2 37. Bxb7 Rf4+ 38. Kg3 Rd4 39. Bf3 h4+ 40. Kf2 Rd2+ 41. Ke3 Rb2 42. Ra4 Bb1 43. Rxh4 Bxa2 44.
b4 Be6 45. Kd3 Ke5 46. Rh5+ f5 47. Rh4 f4 48. Rh5+ Kd6 49. Rb5 Bd7 50. Rb7 Bf5+ 51. Kc3 Rc2+ 52. Kb3 Rc1 53. b5 Be6+ 54. Kb4 Rb1+ 55.
Ka5 Bd7 56. b6 Rb5+ 57. Ka6 Rb2 58. Rc7 Ra2+ 59. Kb7 Be6 60. Rc3 Rb2 61. Rc1 Bf5 62.
Rd1+ Kc5 63. Kc7 Bc2 64. Rd5+ Kc4 65. b7 1-0

[Event "*** MasterClass Titled Tuesday Blitz"]
[Site "Chess.com"]
[Date "2017.10.03"]
[Round "2"]
[White "Msb2"]
[Black "RaphaeI"]
[Result "1/2-1/2"]
[WhiteElo "2640"]
[BlackElo "2417"]
[TimeControl "180+2"]
[EndTime "13:25:53 PDT"]
[Termination "Game drawn - insufficient material"]

1. d4 Nf6 2. c4 e6 3. Nf3 d5 4. Nc3 Be7 5. Bg5 h6 6. Bxf6 Bxf6 7. e3 O-O 8. Qc2 c5 9. dxc5 Qa5 10. cxd5 exd5 11. O-O-O Be6 12. Nxd5 Bxd5 13. Rxd5 Qxa2 14. Bc4 Qa1+ 15. Qb1 Qa4 16. Qa2 Qxa2 17. Bxa2 Na6 18. Kb1 Rac8 19. Rc1 Rc7 20. Bc4 Nb4 21. Rf5 Rfc8 22. h4 b6 23. Rd1 Rxc5 24. Rxc5 Rxc5 25. Bb3 Rc7 26. g4 g5 27. hxg5 hxg5 28. Rd6 Kg7 29. Nd4 Bxd4 30. Rxd4 Na6 31. Rd5 Rc5 32. Rd7 Rc7 33.
Rd5 Rc5 34. Rd8 Rc7 35. f4 Nc5 36. Bd5 Re7 37. Ra8 Rxe3 38. Rxa7 gxf4 39. Rxf7+ Kg6 40.
Rxf4 Kg5 41. Rb4 Re5 42. Bf7 Nd7 43. Ka2 b5 44. Ka3 Nf6 45. Bh5 Nxh5 46. gxh5 Kxh5 47. Rf4 Kg5 48. Rf2 Re4 49. Rf3 Kg4 50. Rb3 Re5 51.
Kb4 Kf5 52. Rc3 Ke6 53. Rc5 Re2 54. b3 Re3 55. Rxb5 Kd6 56. Rh5 Kc7 57. Kc4 Kb8 58.
b4 Re8 59. b5 Rg8 60. Kb4 Rf8 61. Ka5 Rg8 62. Ka6 Rf8 63. Rh7 Rg8 64. Rb7+ Ka8 65.
Ra7+ Kb8 66. Rf7 Rh8 67. Kb6 Rh6+ 68. Kc5 Rh8 69. Kd6 Rg8 70. Ke7 Kb7 71. Rf6 Rg5 72.
b6 Rb5 73. Kd8 Rxb6 74. Rxb6+ Kxb6 1/2-1/2

[Event "*** MasterClass Titled Tuesday Blitz"]
[Site "Chess.com"]
[Date "2017.10.03"]
[Round "2"]
[White "ZapataCharlesS"]
[Black "MITerryble"]
[Result "0-1"]
[WhiteElo "2556"]
[BlackElo "2638"]
[TimeControl "180+2"]
[EndTime "13:26:01 PDT"]
[Termination "MITerryble won by resignation"]

1. d4 e6 2. Nf3 Nf6 3. Bf4 Bd6 4. Bxd6 cxd6 5. c4 O-O 6. Nc3 Qc7 7. e3 a6 8. Be2 b6 9. O-O Bb7 10. b3 d5 11. Rc1 dxc4 12. Bxc4 d6 13. Bd3 Qe7 14.
e4 Nc6 15. Re1 Rfd8 16. Qd2 b5 17. Ne2 Rac8 18. Ng3 Nd7 19. Rc2 Nf8 20. Rec1 Na7 21. Qa5 Rxc2 22. Rxc2 Rc8 23. Rxc8 Nxc8 24. a4 bxa4 25.
bxa4 d5 26. e5 Qa3 27. Bxa6 Qc1+ 28. Nf1 Bxa6 29. Qxa6 Nd7 30. a5 Qc7 31. Qb5 Na7 32.
Qa4 Nc6 33. a6 Ndb8 34. h4 Qa7 35. N1d2 Qxa6 36. Qxa6 Nxa6 37. Nb3 h6 38. Kf1 Kf8 39. Ke2 Ke7 40. Ke3 Kd7 41. g4 Kc7 42. h5 Kd7 43. Ne1 Nab4 44. Nc5+ Ke7 45. f4 Na5 46. Ncd3 Nc4+ 47.
Ke2 Nc6 48. Nf3 Na3 49. Nc5 Nb5 50. Ke3 Nb4 51. g5 Na3 52. gxh6 gxh6 53. f5 Nac2+ 54. Kf4 exf5 55. Kxf5 Nc6 56. Nb3 Ne3+ 57. Kf4 Nc2 58. Kf5 N2b4 59. Kf4 Ke6 60. Nh2 Nc2 61. Nc5+ Ke7 62.
Ng4 N2xd4 63. Nxh6 Ne2+ 64. Ke3 Ng3 65. Ng8+ Kf8 66.
Nf6 Kg7 67. Kf4 Ne2+ 68. Kf5 Ned4+ 69. Kg5 Nf3+ 70. Kf4 Nfxe5 71. Ncd7 Nxd7 72. Nxd7 Kh6 73. Kf5 d4 74. Nc5 Kxh5 75. Kf6 Kg4 76. Kxf7 Kf5 77. Nd3 Ne5+ 0-1